Map: Eternal Empire LE

Players

fabiankelito - Winner!

  • Race: Protoss Protoss
  • League: Silver
  • Spawn Location: 7:00

Ratl

  • Race: Protoss Protoss
  • League: Bronze
  • Spawn Location: 1:00

VOD

Have the link to the VOD?

Description

Time

  • Played on: Jan. 9, 2020, 4:09 p.m.
  • Length: 10:42
Show
View Real Time Build Order
Export as new Build Order

fabiankelito Protoss - Winner!

Build Orders:  

Get SALT Encoding   

  12  0:13  Pylon  
  12  0:17  Probe (Chrono Boost)  
  13  0:27  Probe (Chrono Boost)  
  14  0:32  Probe (Chrono Boost)  
  15  0:36  Gateway  
  15  0:43  Probe  
  16  0:52  Forge  
  16  0:55  Probe  
  17  1:01  Assimilator  
  17  1:05  Assimilator  
  17  1:09  Probe  
  18  1:20  Pylon  
  18  1:21  Probe  
  19  1:34  Cybernetics Core  
  19  1:36  Probe (Chrono Boost)  
  20  1:46  Probe (Chrono Boost)  
  21  1:51  Probe (Chrono Boost)  
  22  2:05  Probe (Chrono Boost)  
  24  2:15  Probe (Chrono Boost)  
  24  2:20  Probe (Chrono Boost), Pylon  
  25  2:31  Probe, Photon Cannon  
  25  2:35  Photon Cannon  
  26  2:43  Probe  
  27  2:55  Probe  
  28  3:07  Probe (Chrono Boost), Nexus  
  29  3:19  Probe (Chrono Boost), Assimilator  
  30  3:23  Assimilator  
  30  3:25  Probe (Chrono Boost)  
  31  3:28  Pylon  
  31  3:34  Probe  
  32  3:39  Robotics Facility  
  32  3:43  Pylon  
  32  3:46  Probe  
  33  3:52  Warp Gate  
  30  4:28  Photon Cannon  
  30  4:29  Photon Cannon  
  28  4:32  Photon Cannon  
  28  4:52  Probe (Chrono Boost)  
  29  5:02  Probe (Chrono Boost)  
  30  5:07  Probe (Chrono Boost)  
  31  5:18  Probe (Chrono Boost)  
  31  5:19  Probe (Chrono Boost)  
  35  5:29  Probe (Chrono Boost)  
  35  5:31  Probe (Chrono Boost)  
  35  5:34  Probe (Chrono Boost)  
  35  5:40  Probe  
  37  5:45  Probe  
  37  5:48  Photon Cannon  
  38  5:57  Probe (Chrono Boost)  
  38  5:58  Probe (Chrono Boost)  
  40  6:08  Probe x2 (Chrono Boost)  
  40  6:09  Gateway  
  40  6:11  Gateway  
  42  6:13  Probe x2 (Chrono Boost), Gateway  
  42  6:16  Gateway  
  44  6:23  Probe, Gateway  
  44  6:24  Probe  
  46  6:28  Gateway  
  46  6:31  Pylon  
  46  6:36  Probe  
  46  6:39  Gateway  
  47  6:42  Gateway  
  47  6:48  Warp Prism  
  49  6:58  Pylon  
  49  7:01  Pylon  
  49  7:04  Pylon  
  49  7:17  Protoss Shields Level 1  
  49  8:12  Stalker x5  
  59  8:13  Stalker x4  
  63  8:35  Stalker x4  
  63  8:36  Stalker x5  
  75  8:58  Stalker  
  75  8:59  Stalker x5  
  75  9:00  Stalker x3  
  74  9:23  Stalker  
  74  9:24  Stalker x5  
  70  9:46  Probe (Chrono Boost)  
  71  9:57  Probe (Chrono Boost)  
  69  10:01  Probe (Chrono Boost)  
  69  10:06  Probe (Chrono Boost)  
  68  10:09  Probe (Chrono Boost)  
  68  10:13  Stalker x2  
  68  10:14  Probe x2 (Chrono Boost)  
  73  10:24  Stalker  
  73  10:25  Probe x2, Stalker  
  77  10:40  Stalker x2  
  77  10:41  Stalker  
Show
View Real Time Build Order
Export as new Build Order

Ratl Protoss 

Build Orders: Double Forge 

Get SALT Encoding   

  12  0:02  Probe  
  13  0:14  Probe  
  14  0:23  Pylon  
  14  0:26  Probe (Chrono Boost)  
  15  0:40  Probe (Chrono Boost)  
  16  0:45  Gateway  
  16  0:51  Probe  
  17  0:57  Gateway  
  17  1:03  Probe  
  18  1:04  Assimilator  
  18  1:15  Probe  
  19  1:27  Probe, Pylon  
  20  1:39  Probe  
  21  1:42  Assimilator  
  21  1:44  Cybernetics Core  
  21  1:58  Probe  
  22  2:10  Probe  
  23  2:19  Pylon  
  23  2:22  Warp Gate, Gateway  
  23  2:25  Stalker x2  
  27  2:38  Forge  
  27  2:40  Forge  
  26  3:11  Nexus  
  26  3:24  Probe, Protoss Ground Weapons Level 1 (Chrono Boost), Protoss Ground Armor Level 1 (Chrono Boost)  
  27  3:36  Probe  
  28  3:42  Twilight Council  
  28  3:48  Probe  
  29  3:51  Stalker  
  29  4:49  Probe x2  
  31  5:01  Probe x2  
  31  5:03  Pylon  
  33  5:09  Stalker  
  33  5:10  Stalker x2  
  33  5:13  Probe x2 (Chrono Boost)  
  41  5:14  Protoss Ground Armor Level 2 (Chrono Boost)  
  41  5:22  Protoss Ground Weapons Level 2 (Chrono Boost)  
  41  5:25  Probe (Chrono Boost)  
  43  5:31  Probe (Chrono Boost)  
  43  5:37  Probe (Chrono Boost), Charge  
  43  5:40  Zealot  
  43  5:42  Zealot x2  
  50  5:46  Probe  
  50  5:49  Probe  
  52  5:55  Pylon  
  52  5:58  Probe  
  52  6:00  Pylon  
  53  6:04  Gateway  
  53  6:05  Probe, Gateway  
  53  6:10  Probe  
  55  6:21  Stalker x3  
  55  6:25  Assimilator  
  61  6:30  Assimilator  
  61  6:38  Robotics Facility  
  61  6:46  Probe x2  
  63  6:58  Probe  
  65  7:01  Probe  
  65  7:07  Stalker  
  65  7:08  Stalker x3  
  73  7:09  Zealot  
  75  7:30  Warp Prism (Chrono Boost)  
  77  7:37  Pylon  
  77  7:41  Pylon  
  77  8:18  Stalker  
  77  8:23  Stalker x4  
  73  8:43  Zealot  
  64  8:51  Zealot x4  
  61  9:06  Stalker  
  44  9:22  Stalker x4  
  35  9:31  Gateway  
  35  9:33  Gateway  
  35  9:38  Gateway x2  
  23  9:49  Stalker x2  
  23  9:50  Stalker x2  
  23  10:18  Stalker  
  23  10:19  Stalker x2  
  27  10:30  Stalker x2  
  27  10:35  Stalker x2  
Tags
 
Add a new tag
Caveats
  • Supply blocks, unpowered buildings, or Contaminate may cause inaccurate times.
  • Supply counts are checked every 10 seconds.